 Dungeon Crawl Stone Soup version 0.30-a0-862-g1aabd4f9c5 (webtiles) character file.

Game seed: 15764351559660727774

467 scionoferis the Grave Robber (level 6, -1/47 HPs)
             Began as a Mummy Necromancer on Mar 9, 2023.
             Slain by an orc
             ... wielding the +7 quarterstaff "Loroi" {freeze, rN+ Int+5}
              (12 damage)
             ... on level 5 of the Dungeon.
             The game lasted 00:08:45 (3317 turns).

scionoferis the Grave Robber (Mummy Necromancer)    Turns: 3317, Time: 00:08:46

Health: -1/47      AC:  3    Str: 11    XL:     6   Next: 81%
Magic:  6/12       EV: 12    Int: 17    God:
Gold:   262        SH:  0    Dex: 12    Spells: 10/14 levels left

rFire   x . .      SeeInvis .    a - +2 dagger (venom)
rCold   + . .      Faith    +    (no shield)
rNeg    + + +      Spirit   .    e - +0 robe
rPois   ∞          Reflect  .    n - +0 helmet
rElec   .          Rampage  .    (no cloak)
rCorr   .                        (no gloves)
Will    .....                    (no boots)
Stlth   ++                       (no amulet)
HPRegen 0.27/turn                (no ring)
MPRegen 0.13/turn                (no ring)

@: very slightly contaminated
A: cold resistance 1, negative energy resistance 3, torment resistance 2, heat
vulnerability 1, in touch with death 1, no potions, faith
a: no special abilities


You were on level 5 of the Dungeon.
You visited 1 branch of the dungeon, and saw 5 of its levels.

You collected 262 gold pieces.


Innate Abilities, Weirdness & Mutations

You are immune to poison.
Your flesh is cold resistant. (rC+)
You are immune to negative energy. (rN+++)
You are immune to unholy pain and torment.
You are vulnerable to heat. (rF-)
You are in touch with the powers of death.
You do not drink.
You have a special connection with the divine. (Faith)


   Skills:
 + Level 3.0 Fighting
 - Level 1.5 Dodging
 + Level 3.2 Stealth
 + Level 4.5 Spellcasting
 * Level 6.0 Necromancy


You had 10 spell levels left.
You knew the following spells:

 Your Spells              Type           Power      Damage    Failure   Level
a - Necrotise             Necr           100%       1d9       1%          1
b - Vampiric Draining     Necr           36%        2d8       3%          3

Your spell library contained the following spells:

 Spells                   Type           Power      Damage    Failure   Level
 Cigotuvi's Dreadful Rot  Necr/Pois/Air  32%        N/A       10%         2
 Animate Dead             Necr           36%        N/A       12%         4
 Freeze                   Ice            12%        1d3       16%         1
 Poisonous Vapours        Pois/Air       6%         N/A       22%         2
 Agony                    Necr           36%        N/A       34%         5
 Frozen Ramparts          Ice            6%         1d1       41%         3
 Hailstorm                Conj/Ice       3%         3d3       41%         3
 Mephitic Cloud           Conj/Pois/Air  3%         N/A       41%         3

Inventory:

Hand Weapons
 a - a +2 dagger of venom (weapon)
   (You took it off a goblin on level 1 of the Dungeon)
 b - a +5 sling
   (You took it off a goblin on level 2 of the Dungeon)
 i - a +0 battleaxe
   (You found it on level 2 of the Dungeon)
 p - a +0 dagger of draining
   (You took it off a kobold on level 4 of the Dungeon)
Missiles
 l - 2 curare-tipped darts
Armour
 e - a +0 robe (worn)
 n - a +0 helmet (worn)
   (You found it on level 4 of the Dungeon)
Wands
 o - a wand of flame (17) (quivered)
   (You found it on level 4 of the Dungeon)
Scrolls
 c - a scroll of butterflies
 d - 2 scrolls of fear
 f - 3 scrolls of identify
 g - a scroll of magic mapping
 h - 3 scrolls of fog
 j - a scroll of blinking
 k - a scroll of teleportation
 m - a scroll of poison {unknown}

Dungeon Overview and Level Annotations

Branches:
Dungeon (5/15)
 Temple: D:4-7

Altars:

Shops:
D:3 ! #. #. .ow . .. .oo

.# . #. ..#
..)#).. #o# .
...#. #.# ...#...
#.# #...#.####)#
.#...@o...######
#...###o........#
..##.#
#..#.##.#.#
##.###..#.# #
#####.......#..
#..............#
#.###..##†.....#
#............#
##.###.........


You could see 2 orcs.


Message History

No target in view!
No target in view!
No target in view!
You see here a ball python corpse.
Found a hand axe.
As you open the door, it creaks loudly!
There is an open door here.
There is a stone staircase leading down here.
There is a stone staircase leading down here.
You see here a quokka skeleton.
Found a robe.
You now have 53 gold pieces (gained 5).
Found a spear.
You see here a +0 robe.
A kobold comes into view. It is wielding a +0 antimagic whip.
You see here a +0 spear.
Aiming: Necrotise (safe; 3% risk of failure)
Press: ? - help, Q - select action Shift-Dir - straight line, f - kobold
Aim: a kobold, wielding a +0 antimagic whip and quivering stones (asleep, chance to affect: 84%)
The kobold shouts!
The kobold barely resists.
Aiming: Necrotise (safe; 3% risk of failure)
Press: ? - help, Q - select action Shift-Dir - straight line, f/p - kobold
Aim: a kobold, wielding a +0 antimagic whip and quivering stones (chance to affect: 84%)
You miscast Necrotise.
You are very lightly contaminated with residual magic.
Nothing appears to happen.
Aiming: Necrotise (safe; 3% risk of failure)
Press: ? - help, Q - select action Shift-Dir - straight line, f/p - kobold
Aim: a kobold, wielding a +0 antimagic whip and quivering stones (chance to affect: 84%)
You miscast Necrotise.
Nothing appears to happen.
Unknown command.
Aiming: Necrotise (safe; 3% risk of failure)
Press: ? - help, Q - select action Shift-Dir - straight line, f/p - kobold
Aim: a kobold, wielding a +0 antimagic whip and quivering stones (chance to affect: 84%)
The kobold writhes in agony.
Unknown command.
You barely miss the kobold.
The kobold is severely wounded.
The kobold closely misses you.
You hit the kobold.
You kill the kobold!
You have reached level 3!
Your experience leads to an increase in your attributes!
Increase (S)trength, (I)ntelligence, or (D)exterity?
You feel clever. x2
You feel more in touch with the powers of death.
Things that are here:
a +0 antimagic whip; 3 stones; a kobold corpse Your magical contamination has completely faded away.
Found an escape hatch in the floor.
This spell is quite dangerous to cast!
Memorise Vampiric Draining, consuming 3 spell levels and leaving 4?
You start memorising the spell.
You continue memorising. x3
You finish memorising.
Spell assigned to 'b'.
f - 3 scrolls labelled MAHAOD NUDAIP (gained 1) Done exploring.
Done exploring.
Things that are here:
a +0 antimagic whip; 3 stones; a kobold corpse You see here a +0 spear.
You see here a +0 robe.
There is a stone staircase leading down here.
You climb downwards.
There is a stone staircase leading up here.
Found 7 stones.
There is a stone staircase leading up here.
Found 2 fizzy yellow potions.
You see here 2 fizzy yellow potions.
A giant cockroach comes into view.
You hit the giant cockroach.
The giant cockroach is poisoned.
The giant cockroach is heavily wounded.
The giant cockroach misses you.
You closely miss the giant cockroach.
The giant cockroach is severely wounded.
You kill the giant cockroach!
Your Stealth skill increases to level 2!
No target in view!
An adder comes into view.
The adder hisses angrily.
The adder misses you.
You hit the adder but do no damage.
The adder is poisoned.
The adder bites you.
You miss the adder. The adder bites you.
You closely miss the adder. The adder barely misses you. The adder misses you.
You hit the adder.
The adder looks as sick as possible!
The adder is heavily wounded.
You kill the adder!
No target in view!
HP restored.
A rat comes into view.
You barely miss the rat. The rat misses you.
You hit the rat.
You kill the rat!
Found an escape hatch in the floor.
A ball python comes into view.
Found 14 gold pieces.
Found a scroll labelled QAVIMO FAD.
A kobold comes into view. It is wielding a +0 club.
The ball python hisses angrily.
A worm comes into view.
The ball python completely misses you. The ball python barely misses you. x2
The ball python grabs you. The ball python constricts you.
The kobold shouts!
You hit the ball python.
The ball python is poisoned.
The ball python is moderately wounded.
The ball python bites you. The ball python constricts you.
The kobold throws a stone.
The stone closely misses you.
You hit the ball python.
You kill the ball python!
Casting: Necrotise (safe; 3% risk of failure)
Confirm with . or Enter, or press ? or * to list all spells.
Aiming: Necrotise (safe; 3% risk of failure)
Press: ? - help, Shift-Dir - straight line, f - kobold
Aim: a kobold, wielding a +0 club and quivering stones (chance to affect: 93%)
You feel a surge of power!
The kobold barely resists.
Casting: Necrotise (safe; 3% risk of failure)
Confirm with . or Enter, or press ? or * to list all spells.
Aiming: Necrotise (safe; 3% risk of failure)
Press: ? - help, Shift-Dir - straight line, f/p - kobold
Aim: a kobold, wielding a +0 club and quivering stones (chance to affect: 93%)
You feel a surge of power!
The kobold writhes in agony.
You kill the kobold!
Things that are here:
a +0 club; 4 stones A worm comes into view.
Casting: Necrotise (safe; 3% risk of failure)
Confirm with . or Enter, or press ? or * to list all spells.
Aiming: Necrotise (safe; 3% risk of failure)
Press: ? - help, Shift-Dir - straight line, f - worm
Aim: a worm (ally target, chance to affect: 88%)
You feel a surge of power!
The worm barely resists.
Your kobold skeleton barely misses the worm.
Casting: Necrotise (safe; 3% risk of failure)
Confirm with . or Enter, or press ? or * to list all spells.
Aiming: Necrotise (safe; 3% risk of failure)
Press: ? - help, Shift-Dir - straight line, f/p - worm
Aim: a worm (ally target, chance to affect: 88%)
You feel a surge of power!
The worm barely resists.
Your kobold skeleton hits the worm but does no damage.
You hit the worm.
The worm is poisoned.
The worm is lightly wounded.
The worm bites you but does no damage.
Your kobold skeleton hits the worm.
You hit the worm. You punch the worm.
The worm is severely wounded.
You hit the worm.
The worm looks as sick as possible!
The worm is severely wounded.
Your kobold skeleton hits the worm but does no damage.
The worm barely misses you.
You hit the worm.
The worm looks as sick as possible!
The worm is almost dead.
You kill the worm!
Your kobold skeleton barely misses the worm.
Casting: Necrotise (safe; 2% risk of failure)
Confirm with . or Enter, or press ? or * to list all spells.
Aiming: Necrotise (safe; 2% risk of failure)
Press: ? - help, Shift-Dir - straight line, f - worm
Aim: a worm (ally target, chance to affect: 88%)
You feel a surge of power!
The worm writhes in agony.
Your kobold skeleton completely misses the worm.
Aiming: Necrotise (safe; 2% risk of failure)
Press: ? - help, Q - select action Shift-Dir - straight line, f/p - worm
Aim: a worm (ally target, chance to affect: 88%)
You feel a surge of power!
The worm writhes in agony!
Your kobold skeleton hits the worm.
You hit the worm.
The worm is poisoned.
The worm is severely wounded.
You hit the worm.
You kill the worm!
No target in view!
Your kobold skeleton crumbles into dust!
Magic restored.
Found a stone staircase leading up.
You now have 60 gold pieces (gained 7).
You now have 74 gold pieces (gained 14).
Things that are here:
a +0 club; 4 stones You now have 82 gold pieces (gained 8).
g - a scroll labelled QAVIMO FAD An adder comes into view.
The adder hisses angrily.
You hit the adder.
The adder is poisoned.
The adder is heavily wounded.
The adder bites you. x2
You closely miss the adder.
The adder is severely wounded.
The adder misses you.
You barely miss the adder.
The adder is severely wounded.
The adder closely misses you.
You hit the adder but do no damage.
The adder looks as sick as possible!
The adder is severely wounded.
You kill the adder!
A hobgoblin comes into view.
Found a stone staircase leading down.
The hobgoblin shouts!
Found a leather armour.
The hobgoblin closely misses you.
You hit the hobgoblin but do no damage.
The hobgoblin is poisoned.
The hobgoblin completely misses you.
You closely miss the hobgoblin. The hobgoblin closely misses you.
You hit the hobgoblin.
The hobgoblin looks as sick as possible!
The hobgoblin is lightly wounded.
The hobgoblin barely misses you.
You closely miss the hobgoblin.
The hobgoblin is moderately wounded.
The hobgoblin hits you.
You hit the hobgoblin but do no damage.
The hobgoblin is heavily wounded.
The hobgoblin hits you.
You hit the hobgoblin.
You kill the hobgoblin!
A giant cockroach comes into view.
You see here a hobgoblin corpse.
A giant cockroach is nearby!
There is a stone staircase leading down here.
No target in view!
No target in view!
A giant cockroach is nearby!
A goblin comes into view. It is wielding a +0 dagger.
Found a stone staircase leading up.
The goblin shouts!
The goblin barely misses you.
You barely miss the goblin. The giant cockroach barely misses you.
The goblin hits you with a +0 dagger.
You closely miss the goblin. The giant cockroach barely misses you.
The goblin hits you with a +0 dagger.
You barely miss the goblin. The giant cockroach misses you.
The goblin closely misses you.
The giant cockroach bites you but does no damage.
You miss the goblin. The giant cockroach barely misses you.
The goblin completely misses you.
You barely miss the goblin.
The giant cockroach completely misses you.
The goblin misses you.
You closely miss the giant cockroach. The giant cockroach bites you.
You hit the giant cockroach.
The giant cockroach is poisoned.
The giant cockroach is heavily wounded.
You kill the giant cockroach!
The goblin unwields a +0 dagger.
The goblin wields a +5 sling.
The goblin shoots a sling bullet.
The sling bullet closely misses you.
You see here a giant cockroach corpse.
You hit the goblin.
The goblin is poisoned.
The goblin is severely wounded.
The goblin unwields a +5 sling.
The goblin wields a +0 dagger.
The goblin hits you with a +0 dagger.
You hit the goblin.
The goblin looks as sick as possible!
The goblin is almost dead.
You kill the goblin!
No target in view!
Things that are here:
a +0 dagger; a +5 sling
h - a +5 sling Adjust to which letter? (? for menu, Esc to quit)
b - a +5 sling;
h - a scroll labelled WUGUNU MAGAASCH Your +2 dagger of venom stops dripping with poison.
b - a +5 sling (weapon)
You now have 96 gold pieces (gained 14).
Found a battleaxe.
You now have 106 gold pieces (gained 10).
Found a stone staircase leading down.
You now have 119 gold pieces (gained 13).
You see here a +0 battleaxe.
i - a +0 battleaxe
f - 4 scrolls labelled MAHAOD NUDAIP (gained 1)
A bat comes into view.
You shoot a sling bullet. The sling bullet hits the bat!
You kill the bat!
No target in view!
A rat comes into view.
The rat barely misses you.
You shoot a sling bullet.
The sling bullet closely misses the rat.
The rat bites you. The rat misses you.
A rat is nearby!
You shoot a sling bullet. The sling bullet hits the rat.
You kill the rat!
No target in view!
You see here a rat corpse.
Found an escape hatch in the ceiling.
No target in view!
Found a chain mail.
There is an escape hatch in the ceiling here.
A bat comes into view.
You shoot a sling bullet. The sling bullet hits the bat.
You kill the bat!
No target in view!
No target in view!
You see here a bat corpse.
A kobold comes into view. It is wielding a +0 dagger.
You shoot a sling bullet. The sling bullet hits the kobold!
You kill the kobold!
No target in view!
Things that are here:
a +0 dagger; 3 stones; a kobold corpse A kobold comes into view.
It is wielding a +0 whip.
Found a stone staircase leading down.
You shoot a sling bullet. The sling bullet hits the kobold!
You kill the kobold!
No target in view!
A dart slug comes into view.
You shoot a sling bullet. The sling bullet hits the dart slug.
The dart slug is moderately wounded.
You shoot a sling bullet. The sling bullet hits the dart slug.
The dart slug is severely wounded.
The dart slug launches a dart at you. The slug dart hits you.
You shoot a sling bullet. The sling bullet hits the dart slug.
You kill the dart slug!
You have reached level 4!
You see here a dart slug corpse.
You now have 129 gold pieces (gained 10).
Found a hand axe.
There is a stone staircase leading down here.
You see here a +0 hand axe.
A kobold comes into view. It is wielding a +0 dagger.
The kobold shouts!
You shoot a sling bullet. The sling bullet hits the kobold.
You kill the kobold!
There is a stone staircase leading up here.
Things that are here:
a +0 dagger; a kobold corpse
Found 5 stones.
A ball python comes into view.
Found a scroll labelled MAHAOD NUDAIP.
You shoot a sling bullet. The sling bullet hits the ball python!
You kill the ball python!
You see here 5 stones.
f - 5 scrolls labelled MAHAOD NUDAIP (gained 1) Done exploring.
Done exploring.
There is an escape hatch in the floor here.
There is a stone staircase leading down here.
You climb downwards.
Found a spear.
There is a stone staircase leading up here.
As you read the scroll labelled MAHAOD NUDAIP, it crumbles to dust.
It is a scroll of identify.
c - a scroll of butterflies
As you read the scroll of identify, it crumbles to dust.
d - a scroll of fear
As you read the scroll of identify, it crumbles to dust.
g - a scroll of magic mapping
As you read the scroll of identify, it crumbles to dust.
h - a scroll of fog
Found a whip.
You see here a +0 spear.
A ball python comes into view.
The ball python hisses angrily.
You shoot a sling bullet.
The sling bullet closely misses the ball python.
You shoot a sling bullet. The sling bullet hits the ball python.
You kill the ball python!
j - a scroll labelled SAQO ASMUC You open the door.
There is an open door here.
Found a stone staircase leading up.
Found a stone staircase leading down.
A goblin comes into view. It is wielding a +0 club.
Found a scroll of fog.
You see here 11 gold pieces.
You shoot a sling bullet. The sling bullet hits the goblin!
You kill the goblin!
You now have 140 gold pieces (gained 11).
You now have 145 gold pieces (gained 5).
You now have 159 gold pieces (gained 14).
h - 2 scrolls of fog (gained 1)
There is an open door here.
Found Paeschyr's Distillery.
A rat and a bat come into view.
You shoot a sling bullet. The sling bullet hits the bat!
You kill the bat!
You shoot a sling bullet. The sling bullet hits the rat.
You kill the rat!
No target in view!
There is an entrance to Paeschyr's Distillery here.
Unknown command.
Unknown command.
k - a scroll labelled VOREFI IMIO A goblin comes into view.
It is wielding a +0 club.
The goblin shouts!
The goblin unwields a +0 club.
The goblin wields a +0 sling.
The goblin shoots a sling bullet.
The sling bullet completely misses you.
You shoot a sling bullet. The sling bullet hits the goblin.
The goblin is heavily wounded.
The goblin shoots a sling bullet.
The sling bullet hits you.
You shoot a sling bullet.
The sling bullet barely misses the goblin.
The goblin shoots a sling bullet.
The sling bullet hits you.
You shoot a sling bullet.
The sling bullet closely misses the goblin.
The goblin shoots a sling bullet.
The sling bullet closely misses you.
You shoot a sling bullet.
The sling bullet hits the goblin but does no damage.
The goblin is moderately wounded.
The goblin shoots a sling bullet.
The sling bullet completely misses you.
You shoot a sling bullet.
The sling bullet closely misses the goblin.
The goblin shoots a sling bullet.
The sling bullet barely misses you.
You shoot a sling bullet.
The sling bullet barely misses the goblin.
The goblin shoots a sling bullet.
The sling bullet hits you.
The goblin shoots a sling bullet.
The sling bullet closely misses you.
You shoot a sling bullet. The sling bullet misses the goblin.
The goblin shoots a sling bullet.
The sling bullet closely misses you.
You shoot a sling bullet. The sling bullet hits the goblin.
You kill the goblin!
No target in view!
HP restored.
You open the door.
An endoplasm comes into view.
Found a short sword.
Found a stone staircase leading up.
You shoot a sling bullet. The sling bullet hits the endoplasm.
The endoplasm quivers.
The endoplasm is severely wounded.
You shoot a sling bullet. The sling bullet hits the endoplasm.
You kill the endoplasm!
No target in view!
A dart slug comes into view.
Found 3 curare-tipped darts.
The dart slug moves out of view.
There is an open door here.
Found a fizzy yellow potion.
The dart slug launches a dart at you. The slug dart hits you.
You shoot a sling bullet. The sling bullet hits the dart slug!
The dart slug is almost dead.
The dart slug launches a dart at you. The slug dart misses you.
You shoot a sling bullet. The sling bullet hits the dart slug.
You kill the dart slug!
No target in view!
You see here 3 curare-tipped darts.
l - 3 curare-tipped darts
Found a sling.
You see here a fizzy yellow potion.
You see here a fizzy yellow potion.
You open the door.
There is an open door here.
You now have 172 gold pieces (gained 13).
You open the door.
Found a hand axe.
Found a stone staircase leading down.
There is an open door here.
You open the door.
There is an open door here.
A kobold comes into view. It is wielding a +0 dagger.
You shoot a sling bullet. The kobold shouts!
The sling bullet hits the kobold.
You kill the kobold!
No target in view!
No target in view!
m - a scroll labelled WUORCH JAOCYUWU
f - 2 scrolls of identify (gained 1)
You see here a +0 dagger.
You now have 185 gold pieces (gained 13).
You pick up a book of Vapours and begin reading...
You add the spells Poisonous Vapours, Cigotuvi's Dreadful Rot and Mephitic Cloud to your library.
As you read the scroll of identify, it crumbles to dust.
j - a scroll of blinking
As you read the scroll of identify, it crumbles to dust.
k - a scroll of teleportation
Found a stone staircase leading down.
You open the door.
There is an open door here.
You open the door.
Found a giant club.
An endoplasm comes into view.
There is an open door here.
You shoot a sling bullet. The endoplasm quivers.
The sling bullet hits the endoplasm.
The endoplasm is severely wounded.
You shoot a sling bullet. The sling bullet hits the endoplasm.
The endoplasm is severely wounded.
You shoot a sling bullet. The sling bullet hits the endoplasm.
You kill the endoplasm!
You now have 200 gold pieces (gained 15).
There is an open door here.
There is an open door here.
There is an open door here.
You open the door.
A ball python and a frilled lizard come into view.
You shoot a sling bullet.
The sling bullet hits the frilled lizard.
You kill the frilled lizard!
The ball python hisses angrily.
You shoot a sling bullet.
The sling bullet barely misses the ball python.
The ball python completely misses you. The ball python barely misses you.
You shoot a sling bullet. The sling bullet hits the ball python.
The ball python is heavily wounded.
The ball python bites you. The ball python grabs you.
The ball python constricts you. The ball python barely misses you.
The ball python constricts you.
You shoot a sling bullet.
The sling bullet closely misses the ball python.
The ball python barely misses you. The ball python constricts you.
You shoot a sling bullet. The sling bullet hits the ball python!
You kill the ball python!
No target in view!
Done exploring.
Search for what [? for help]? d: Unknown command.
There is a stone staircase leading down here.
Your +2 dagger of venom begins to drip with poison!
a - a +2 dagger of venom (weapon)
You climb downwards.
Found 23 gold pieces.
There is a stone staircase leading up here.
The helpless iguana fails to defend itself.
You hit the iguana.
The iguana is poisoned.
The iguana is heavily wounded.
The iguana bites you!
Your +2 dagger of venom stops dripping with poison.
b - a +5 sling (weapon)
You shoot a sling bullet.
The sling bullet hits the iguana but does no damage.
The iguana is almost dead.
You kill the iguana!
Your +2 dagger of venom begins to drip with poison!
a - a +2 dagger of venom (weapon)
HP restored.
You now have 211 gold pieces (gained 11).
Found a stone staircase leading down.
Your +2 dagger of venom stops dripping with poison.
b - a +5 sling (weapon)
You now have 223 gold pieces (gained 12).
A goblin comes into view. It is wielding a +0 club.
Found a scroll of fog.
The goblin shouts!
A hobgoblin comes into view.
The hobgoblin shouts!
You shoot a sling bullet.
The sling bullet closely misses the goblin.
The sling bullet hits the hobgoblin.
The hobgoblin is severely wounded.
You shoot a sling bullet. The sling bullet hits the goblin.
You kill the goblin!
You shoot a sling bullet. The sling bullet hits the hobgoblin.
The hobgoblin is almost dead.
The hobgoblin barely misses you.
You shoot a sling bullet.
The sling bullet barely misses the hobgoblin.
The hobgoblin hits you.
You shoot a sling bullet. The sling bullet hits the hobgoblin.
You kill the hobgoblin!
Found a ring mail.
An endoplasm comes into view.
Found a spear.
There is a stone staircase leading down here.
You shoot a sling bullet. The sling bullet hits the endoplasm.
The endoplasm quivers.
The endoplasm is heavily wounded.
You shoot a sling bullet. The sling bullet hits the endoplasm!
You kill the endoplasm!
No target in view!
No target in view!
An orc comes into view. It is wielding a +0 morningstar.
The orc shouts!
An orc comes into view. It is wielding a +0 falchion.
You shoot a sling bullet. The orc shouts!
The sling bullet hits the orc.
The orc is severely wounded.
A scorpion comes into view.
An orc priest comes into view. It is wielding a +0 club.
An orc comes into view. It is wielding a +0 whip.
You shoot a sling bullet. The sling bullet hits the orc!
You kill the orc!
An endoplasm comes into view.
You shoot a sling bullet. The sling bullet hits the orc.
The orc is heavily wounded.
You shoot a sling bullet. The sling bullet barely misses the orc.
The sling bullet hits the orc but does no damage.
Your +2 dagger of venom begins to drip with poison!
a - a +2 dagger of venom (weapon)
You hit the orc but do no damage.
The orc is poisoned.
The orc is heavily wounded.
The orc closely misses you.
You hit the orc.
The orc looks as sick as possible!
The orc is severely wounded.
The orc closely misses you.
You hit the orc but do no damage.
The orc is severely wounded.
You kill the orc!
You hit the orc but do no damage.
The orc is poisoned.
The orc closely misses you.
You hit the orc.
The orc looks as sick as possible!
The orc is severely wounded.
The orc hits you with a +0 whip.
You hit the endoplasm.
The endoplasm is moderately wounded.
You kill the orc!
The endoplasm freezes you.
You are frozen.
You resist.
The orc priest miscasts a cantrip.
Your Necromancy skill increases to level 5!
You hit the scorpion but do no damage.
The scorpion is poisoned.
The scorpion stings you! The endoplasm hits you. The scorpion stings you.
You hit the scorpion but do no damage.
The scorpion is lightly wounded.
The endoplasm freezes you.
You are frozen.
You resist. The scorpion stings you.
You completely miss the scorpion.
The scorpion is heavily wounded.
The endoplasm hits you but does no damage.
The scorpion stings you.
You hit the scorpion but do no damage.
The scorpion looks as sick as possible!
The scorpion is severely wounded.
You kill the scorpion!
The endoplasm barely misses you.
Your Fighting skill increases to level 2!
You have reached level 5!
You feel clever.
You barely miss the orc priest. The orc priest completely misses you.
The endoplasm hits you.
You closely miss the orc priest. The orc priest hits you with a +0 club.
The endoplasm hits you but does no damage.
You hit the orc priest.
The orc priest is poisoned.
The orc priest is moderately wounded.
The orc priest barely misses you. The endoplasm closely misses you.
You hit the orc priest but do no damage.
The orc priest looks as sick as possible!
The orc priest is heavily wounded.
The endoplasm freezes you.
You are frozen.
You resist. The orc priest barely misses you.
You hit the orc priest.
The orc priest looks as sick as possible!
The orc priest is severely wounded.
The orc priest hits you with a +0 club.
* * * LOW HITPOINT WARNING * * *
The endoplasm freezes you.
You are frozen.
You resist.
You barely miss the orc priest.
The orc priest is almost dead.
You kill the orc priest!
The endoplasm barely misses you.
Casting: Necrotise (safe; 1% risk of failure)
Confirm with . or Enter, or press ? or * to list all spells.
Aiming: Vampiric Draining (dangerous; 5% risk of failure)
Press: ? - help, Shift-Dir - straight line, f - endoplasm
Aim: an endoplasm (moderately wounded)
You feel a surge of power!
You draw life force from the endoplasm.
You kill the endoplasm!
You feel life coursing into your body.
You start resting.
Magic restored.
You start resting.
HP restored.
Items here: ))) [[ ††.
Found 6 gold pieces.
Things that are here:
a +0 morningstar; a +0 chain mail
Found a sling.
Your +2 dagger of venom stops dripping with poison.
b - a +5 sling (weapon)
You now have 229 gold pieces (gained 6).
You now have 237 gold pieces (gained 8).
A worm comes into view.
Your +2 dagger of venom begins to drip with poison!
a - a +2 dagger of venom (weapon)
The helpless worm fails to defend itself.
You hit the worm.
The worm is moderately wounded.
The worm barely misses you.
You barely miss the worm.
The worm is moderately wounded.
You hit the worm but do no damage.
The worm is poisoned.
The worm is moderately wounded.
The worm barely misses you.
You barely miss the worm.
The worm is moderately wounded.
The worm closely misses you.
You hit the worm.
The worm is moderately wounded.
You barely miss the worm.
The worm is moderately wounded.
The worm bites you.
You hit the worm.
The worm looks as sick as possible!
The worm is heavily wounded.
You hit the worm.
The worm looks as sick as possible!
The worm is severely wounded.
The worm closely misses you.
You hit the worm.
The worm looks as sick as possible!
The worm is almost dead.
The worm bites you!
You barely miss the worm.
The worm is almost dead.
You kill the worm!
f - a scroll of identify Your +2 dagger of venom stops dripping with poison.
b - a +5 sling (weapon)
An orc comes into view. It is wielding a +0 hand axe.
You shoot a sling bullet.
The sling bullet completely misses the orc.
The orc shouts!
You shoot a sling bullet.
The sling bullet hits the orc but does no damage.
You shoot a sling bullet. The sling bullet barely misses the orc.
Your +2 dagger of venom begins to drip with poison!
a - a +2 dagger of venom (weapon)
The orc throws a boomerang.
The boomerang barely misses you. The orc hits you with a +0 hand axe.
You hit the orc but do no damage.
The orc is poisoned.
The orc misses you.
You hit the orc but do no damage.
The orc looks as sick as possible!
The orc is lightly wounded.
The orc misses you.
You hit the orc.
The orc looks as sick as possible!
The orc is almost dead.
You kill the orc!
Your +2 dagger of venom stops dripping with poison.
b - a +5 sling (weapon)
Found a stone staircase leading down.
Found 8 stones.
A quokka comes into view.
You shoot a sling bullet. The sling bullet hits the quokka.
The quokka is heavily wounded.
You shoot a sling bullet. The sling bullet hits the quokka.
You kill the quokka!
No target in view!
Found an escape hatch in the floor.
Found a helmet.
There is an escape hatch in the floor here.
f - 2 scrolls of identify (gained 1)
Found a dagger.
You now have 254 gold pieces (gained 17).
You see here a +0 helmet.
n - a +0 helmet You start putting on your armour.
You continue putting on your +0 helmet. x4
You finish putting on your +0 helmet.
You open the door.
There is an open door here.
A ball python comes into view.
You shoot a sling bullet. The sling bullet hits the ball python!
You kill the ball python!
Found a stone staircase leading up.
o - a wand of flame (26)
d - 2 scrolls of fear (gained 1)
f - 3 scrolls of identify (gained 1)
A black bear comes into view.
You shoot a sling bullet. The black bear growls angrily.
The sling bullet hits the black bear.
The black bear is lightly wounded.
You shoot a sling bullet.
The sling bullet barely misses the black bear.
You shoot a sling bullet. The sling bullet hits the black bear.
The black bear is moderately wounded.
You shoot a sling bullet. The sling bullet hits the black bear!
The black bear is heavily wounded.
Your +2 dagger of venom begins to drip with poison!
a - a +2 dagger of venom (weapon)
You hit the black bear but do no damage.
The black bear is poisoned.
The black bear is heavily wounded.
The black bear bites you. The black bear claws you. The black bear misses you.
You hit the black bear.
The black bear looks as sick as possible!
The black bear is severely wounded.
The black bear goes berserk!
You hit the black bear.
The black bear looks as sick as possible!
The black bear is almost dead.
You kill the black bear!
Your Spellcasting skill increases to level 4!
You have reached level 6!
Your +2 dagger of venom stops dripping with poison.
b - a +5 sling (weapon)
Magic restored.
A quokka comes into view.
You shoot a sling bullet. The sling bullet hits the quokka.
You kill the quokka!
There is a stone staircase leading up here.
You open the door.
Found an escape hatch in the ceiling.
There is an open door here.
Found a stone staircase leading up.
A kobold comes into view. It is wielding a +0 dagger of draining.
The kobold shouts!
You shoot a sling bullet. The sling bullet hits the kobold!
You kill the kobold!
A ball python comes into view.
You shoot a sling bullet.
The sling bullet closely misses the ball python.
The ball python bites you but does no damage.
The ball python barely misses you.
Your +2 dagger of venom begins to drip with poison!
a - a +2 dagger of venom (weapon)
You barely miss the ball python. The ball python barely misses you.
The ball python closely misses you.
You hit the ball python.
You kill the ball python!
No target in view!
You see here a ball python corpse.
Found a dark potion.
You see here a +0 dagger of draining.
p - a +0 dagger of draining Your +2 dagger of venom stops dripping with poison.
b - a +5 sling (weapon)
You see here a dark potion.
h - 3 scrolls of fog (gained 1)
Found a stone staircase leading down.
There is a stone staircase leading down here.
A hobgoblin comes into view.
You shoot a sling bullet. The hobgoblin shouts!
The sling bullet hits the hobgoblin.
The hobgoblin is severely wounded.
You shoot a sling bullet. The sling bullet hits the hobgoblin.
You kill the hobgoblin!
There is an open door here.
Done exploring.
Done exploring.
Search for what [Enter for "d:", or ? for help]? d: Unknown command.
There is an escape hatch in the floor here.
There is a stone staircase leading down here.
You climb downwards.
There is a stone staircase leading up here.
You shoot a sling bullet. The sling bullet hits the white imp!
The white imp shouts, "Give up, thou peaked grave-robbed wrapping tissue!"
The white imp is almost dead.
The white imp spits at you.
You shoot a sling bullet. The sling bullet hits the white imp.
You kill the white imp!
No target in view!
You now have 262 gold pieces (gained 8).
A jelly comes into view.
You shoot a sling bullet. The sling bullet hits the jelly.
The jelly quivers.
The jelly is moderately wounded.
You shoot a sling bullet. The sling bullet hits the jelly.
The jelly is heavily wounded.
The jelly misses you.
Your +2 dagger of venom begins to drip with poison!
a - a +2 dagger of venom (weapon)
The jelly barely misses you.
You hit the jelly. The acid corrodes you!
Your hands burn!
The jelly is heavily wounded.
The jelly hits you.
You are splashed with acid!
You hit the jelly but do no damage.
Your hands burn!
The jelly is heavily wounded.
The jelly barely misses you.
You hit the jelly but do no damage.
Your hands burn!
The jelly is heavily wounded.
The jelly closely misses you.
Casting: Vampiric Draining (dangerous; 4% risk of failure)
Confirm with . or Enter, or press ? or * to list all spells.
Aiming: Vampiric Draining (dangerous; 4% risk of failure)
Press: ? - help, Shift-Dir - straight line, f/p - jelly
Aim: a jelly (heavily wounded)
You feel a surge of power!
You draw life force from the jelly.
You feel life coursing into your body. The jelly barely misses you.
Casting: Vampiric Draining (dangerous; 4% risk of failure)
Confirm with . or Enter, or press ? or * to list all spells.
Aiming: Vampiric Draining (dangerous; 4% risk of failure)
Press: ? - help, Shift-Dir - straight line, f/p - jelly
Aim: a jelly (severely wounded)
You feel a surge of power!
You miscast Vampiric Draining.
You are very lightly contaminated with residual magic.
Nothing appears to happen.
The jelly completely misses you.
Unknown command.
Casting: Vampiric Draining (dangerous; 4% risk of failure)
Confirm with . or Enter, or press ? or * to list all spells.
You don't know that spell.
Casting: Vampiric Draining (dangerous; 4% risk of failure)
Confirm with . or Enter, or press ? or * to list all spells.
Aiming: Vampiric Draining (dangerous; 4% risk of failure)
Press: ? - help, Shift-Dir - straight line, f/p - jelly
Aim: a jelly (severely wounded)
You feel a surge of power!
You draw life force from the jelly.
You kill the jelly!
You feel life coursing into your body.
Your Stealth skill increases to level 3!
You start resting.
Your magical contamination has completely faded away.
You start resting.
You are no longer corroded.
You start resting.
HP restored.
You start resting.
Magic restored.
A black bear comes into view.
Throw: 3 darts (curare)
Press: ? - help, Q - select action, (/) - cycle Shift-Dir - straight line, f - black bear
Aim: a black bear (asleep, 98% to hit)
You throw a curare-tipped dart.
The curare-tipped dart hits the black bear.
The black bear is poisoned.
The black bear convulses.
The black bear seems to slow down.
The black bear growls angrily.
The black bear is lightly wounded.
Aiming: Throw Flame
Press: ? - help, Q - select action, (/) - cycle Shift-Dir - straight line, f/p - black bear
Aim: a black bear (lightly wounded, very poisoned, slow, 77% to hit)
The puff of flame hits the black bear!
The black bear is heavily wounded.
Aiming: Throw Flame
Press: ? - help, Q - select action, (/) - cycle Shift-Dir - straight line, f/p - black bear
Aim: a black bear (heavily wounded, very poisoned, slow, 77% to hit)
The puff of flame hits the black bear.
The black bear is severely wounded.
Aiming: Throw Flame
Press: ? - help, Q - select action, (/) - cycle Shift-Dir - straight line, f/p - black bear
Aim: a black bear (severely wounded, very poisoned, slow, 77% to hit)
The puff of flame hits the black bear.
The black bear is almost dead.
Unknown command.
Aiming: Throw Flame
Press: ? - help, Q - select action, (/) - cycle Shift-Dir - straight line, f/p - black bear
Aim: a black bear (almost dead, very poisoned, slow, 77% to hit)
The puff of flame hits the black bear.
The black bear is almost dead.
Unknown command.
Aiming: Throw Flame
Press: ? - help, Q - select action, (/) - cycle Shift-Dir - straight line, f/p - black bear
Aim: a black bear (almost dead, poisoned, slow, 77% to hit)
The puff of flame hits the black bear.
You kill the black bear!
Unknown command.
Found a whip.
Found a whip.
An orc priest comes into view. It is wielding a +0 flail.
An orc comes into view. It is wielding a +3 whip.
An orc comes into view.
It is wielding the +7 quarterstaff "Loroi" {freeze, rN+ Int+5} and wearing the +3 ring mail of the Old World {rN+++ Str+5 Int-2}.
The orc priest moves out of view.
The orc shouts!
You hear a shout!
A dart slug comes into view.
The orc priest shouts!
An orc comes into view. It is wielding a +0 flail.
Aiming: Throw Flame
Press: ? - help, Q - select action, (/) - cycle Shift-Dir - straight line, f - orc
Aim: an orc, wielding a +3 whip and wearing a +0 robe (68% to hit)
The puff of flame hits the orc!
You kill the orc!
Unknown command.
Aiming: Throw Flame
Press: ? - help, Q - select action, (/) - cycle Shift-Dir - straight line, f - orc priest
Aim: an orc priest, wielding a +0 flail and wearing a +0 chain mail (77% to hit)
The puff of flame hits the orc priest but does no damage.
Unknown command.
Aiming: Throw Flame
Press: ? - help, Q - select action, (/) - cycle Shift-Dir - straight line, f/p - orc priest
Aim: an orc priest, wielding a +0 flail and wearing a +0 chain mail (77% to hit)
The puff of flame hits the orc priest but does no damage.
Unknown command.
Aiming: Throw Flame
Press: ? - help, Q - select action, (/) - cycle Shift-Dir - straight line, f/p - orc priest
Aim: an orc priest, wielding a +0 flail and wearing a +0 chain mail (77% to hit)
The puff of flame hits the orc priest.
The orc priest is lightly wounded.
You closely miss the orc priest.
The orc priest is lightly wounded.
The orc priest hits you with a +0 flail!
The orc shouts!
You hit the orc priest but do no damage.
The orc priest is lightly wounded.
The orc priest barely misses you. The orc barely misses you.
You hit the orc priest.
The orc priest is poisoned.
The orc priest is moderately wounded.
The orc priest hits you with a +0 flail.
The orc closely misses you.
You completely miss the orc priest.
The orc priest is moderately wounded.
The orc priest hits you with a +0 flail.
The orc hits you with a +0 flail!
You hit the orc priest but do no damage.
The orc priest is lightly wounded.
The orc priest completely misses you. The orc barely misses you.
You hit the orc priest but do no damage.
The orc priest looks as sick as possible!
The orc priest is moderately wounded.
The orc priest barely misses you. The orc barely misses you.
You hit the orc priest.
The orc priest looks as sick as possible!
The orc priest is heavily wounded.
The orc priest hits you with a +0 flail.
The orc misses you.
Casting: Vampiric Draining (dangerous; 3% risk of failure)
Confirm with . or Enter, or press ? or * to list all spells.
Aiming: Vampiric Draining (dangerous; 3% risk of failure)
Press: ? - help, Shift-Dir - straight line, f/p - orc priest
Aim: an orc priest, wielding a +0 flail and wearing a +0 chain mail (severely wounded, extremely poisoned)
You feel a surge of power!
You miscast Vampiric Draining.
You are very lightly contaminated with residual magic.
Nothing appears to happen.
You kill the orc priest!
The orc hits you with a +0 flail.
Your Fighting skill increases to level 3!
Your Necromancy skill increases to level 6!
Casting: Vampiric Draining (dangerous; 3% risk of failure)
Confirm with . or Enter, or press ? or * to list all spells.
Aiming: Vampiric Draining (dangerous; 3% risk of failure)
Press: ? - help, Shift-Dir - straight line, f - orc
Aim: an orc, wielding the +7 quarterstaff "Loroi" {freeze, rN+ Int+5} and wearing the +3 ring mail of the Old World {rN+++ Str+5 Int-2} You feel a surge of power!
The orc is unaffected.
The orc hits you with a +0 flail!
* * * LOW HITPOINT WARNING * * *
The orc hits you with the +7 quarterstaff "Loroi" {freeze, rN+ Int+5}!
You die...

Skill      XL: |  1  2  3  4  5  6 |
---------------+-------------------+-----
Spellcasting   | 3 4 |  4.5
Fighting       | 1 2 3 |  3.0
Stealth        | 2 3 |  3.2
Necromancy     | 5 6 |  6.0
Dodging        | |  1.5

Action                     |  1- 3 |  4- 6 || total
---------------------------+-------+-------++-------
  Melee: Mace              |     3 |       ||     3
         Dagger            |    63 |    45 ||   108
         Punch             |     1 |       ||     1
   Fire: Sling             |     9 |    59 ||    68
  Throw: Dart              |       |     1 ||     1
   Cast: Necrotise         |    26 |       ||    26
         Vampiric Draining |       |     4 ||     4
  Evoke: Wand              |       |     9 ||     9
    Use: Scroll            |       |     6 ||     6
   Stab: Sleeping          |       |     2 ||     2
 Armour: Robe              |    13 |     3 ||    16
  Dodge: Dodged            |    46 |    46 ||    92

Levels and vault maps discovered:
D:1:      spicycebolla_green_bress_n_ham_2, layout_basic, st_stairs_9
D:2:      layout_loops_ring, minivault_23
D:3:      layout_basic, serial_shops, nicolae_shop_advertising_works
          [nicolae_subvault_shop_adworks]
D:4:      layout_basic
D:5:      layout_loops_corners, minmay_temple_entry_mini_moons, hex_medium,
          chequers_serial_rivers_room_a

Notes
Turn   | Place    | Note
-------+----------+-------------------------------------------
     0 | D:1      | scionoferis the Mummy Necromancer began the quest for the
                  | Orb.
     0 | D:1      | Reached XP level 1. HP: 13/13 MP: 4/4
   163 | D:1      | Reached XP level 2. HP: 16/20 MP: 2/5
   448 | D:1      | Reached skill level 3 in Spellcasting
   625 | D:1      | Reached skill level 1 in Fighting
   794 | D:1      | Gained mutation: You are in touch with the powers of death.
                  | [Mummy growth]
   794 | D:1      | Reached XP level 3. HP: 26/26 MP: 2/7
   843 | D:1      | Learned a level 3 spell: Vampiric Draining
   949 | D:2      | Reached skill level 2 in Stealth
  1391 | D:2      | Reached XP level 4. HP: 28/32 MP: 9/9
  1751 | D:3      | Found Paeschyr's Distillery.
  2436 | D:4      | Noticed a scorpion
  2447 | D:4      | Reached skill level 5 in Necromancy
  2450 | D:4      | Killed a scorpion
  2451 | D:4      | Reached skill level 2 in Fighting
  2451 | D:4      | Reached XP level 5. HP: 18/38 MP: 10/10
  2845 | D:4      | Noticed a black bear
  2853 | D:4      | Killed a black bear
  2854 | D:4      | Reached skill level 4 in Spellcasting
  2854 | D:4      | Reached XP level 6. HP: 34/46 MP: 10/12
  3160 | D:5      | Entered Level 5 of the Dungeon
  3206 | D:5      | Reached skill level 3 in Stealth
  3298 | D:5      | Identified the +7 quarterstaff "Loroi" {freeze, rN+ Int+5}
  3298 | D:5      | Identified the +3 ring mail of the Old World {rN+++ Str+5
                  | Int-2}
  3317 | D:5      | Reached skill level 3 in Fighting
  3317 | D:5      | Reached skill level 6 in Necromancy
  3317 | D:5      | Slain by an orc

Vanquished Creatures
  2 black bears (D:4 D:5)
  A scorpion (D:4)
  A jelly (D:5)
  2 orc priests (D:4 D:5)
  An iguana (D:4)
  2 adders (D:2)
  A white imp (D:5)
  3 worms (D:2 D:4)
  4 dart slugs (D:1 D:2 D:3)
  5 orcs (D:4 D:5)
  9 ball pythons (D:1 D:2 D:3 D:4)
  5 bats (D:1 D:2 D:3)
  6 endoplasms (D:1 D:3 D:4)
  3 giant cockroaches (D:1 D:2)
  4 hobgoblins (D:1 D:2 D:4)
  2 jackals (D:1)
  3 quokkas (D:1 D:4)
  3 frilled lizards (D:1 D:3)
  6 goblins (D:1 D:2 D:3 D:4)
  8 kobolds (D:1 D:2 D:3 D:4)
  4 rats (D:1 D:2 D:3)
75 creatures vanquished.

Vanquished Creatures (collateral kills)
  A ball python (D:1)
1 creature vanquished.

Grand Total: 76 creatures vanquished

Table legend: (Time is in decaauts)
 A = Elapsed time spent in this place.
 B = Non-inter-level travel time spent in this place.
 C = Inter-level travel time spent in this place.
 D = Time resting spent in this place.
 E = Time spent auto-exploring this place.
 F = Levels seen in this place.
 G = Mean time per level.
                   A        B        C        D        E       F      G
               +--------+--------+--------+--------+--------+-----+--------+
         Total |   3336 |   3239 |     97 |    160 |   2528 |   5 |  667.2 |
       Dungeon |   3336 |   3239 |     97 |    160 |   2528 |   5 |  667.2 |
               +--------+--------+--------+--------+--------+-----+--------+

Top non-repeatable levels by time:
     D:1: 897 daAuts
     D:4: 849 daAuts
     D:2: 791 daAuts
     D:3: 640 daAuts
     D:5: 157 daAuts

Table legend:
 A = Non-vault XP
 B = Vault XP
 C = Vault XP percentage of total XP
 D = Non-vault monster count
 E = Vault monster count
 F = Vault count percentage of total count
                 A         B        C        D         E       F
            +---------+---------+-------+---------+---------+-------
      Total |     665 |       3 |   0.4 |      74 |       2 |   2.6
            +---------+---------+-------+---------+---------+-------
        D:1 |      38 |       3 |   7.3 |      20 |       2 |   9.1
        D:2 |      60 |       0 |   0.0 |      19 |       0 |   0.0
        D:3 |      21 |       0 |   0.0 |      11 |       0 |   0.0
        D:4 |     325 |       0 |   0.0 |      19 |       0 |   0.0
        D:5 |     221 |       0 |   0.0 |       5 |       0 |   0.0
            +---------+---------+-------+---------+---------+-------
